 Dungeon Crawl Stone Soup version 0.30-b1-6-gad0e9d6a2d (webtiles) character file.

Game seed: 4185800576924235459

1 Rrauwl the Sneak (level 1, 0/19 HPs)
             Began as a Hill Orc Delver on May 5, 2023.
             Killed by divine providence
             ... invoked by an orc priest
              (11 damage)
             ... on level 4 of the Dungeon.
             The game lasted 00:01:17 (65 turns).

Rrauwl the Sneak (Hill Orc Delver)                    Turns: 65, Time: 00:01:18

Health: 0/19       AC:  3    Str: 14    XL:     1   Next: 20%
Magic:  1/1        EV: 11    Int: 10    God:
Gold:   0          SH:  0    Dex: 12    Spells: 0/0 levels left

rFire   . . .        a - +0 hand axe
rCold   . . .        (no shield)
rNeg    . . .        b - +0 leather armour
rPois   .            (no helmet)
rElec   .            (no cloak)
rCorr   .            (no gloves)
SInv    .            (no boots)
Will    .....        (no amulet)
Stlth   ++           (no ring)
HPRegen 0.23/turn    (no ring)
MPRegen 0.07/turn

%: no passive effects
@: hasted, very quick
A: no striking features
a: Convert to Beogh


You were on level 4 of the Dungeon.
You visited 1 branch of the dungeon, and saw 2 of its levels.

Inventory:

Hand Weapons
 a - a +0 hand axe (weapon)
Armour
 b - a +0 leather armour (worn)
Wands
 g - a wand of digging (3)
Scrolls
 c - a scroll of fog
 d - a scroll of magic mapping
 e - a scroll of fear
 h - 3 scrolls of teleportation {unknown}


   Skills:
 + Level 3.6 Fighting
 + Level 2.7 Axes
 + Level 1.5 Dodging
 - Level 4.1 Stealth


You couldn't memorise any spells.
You didn't know any spells.
Your spell library was empty.

Dungeon Overview and Level Annotations

Branches:
Dungeon (5/15)
 Temple: D:4-7

Altars:


Message History

You hear a shout! x3
The orc priest threatens, "By the altar or by the axe, you will meet Beogh!"
You hear a shout!
The kobold shouts!
Found 10 stones.
There is a stone staircase leading down here.
Unknown command.
You feel yourself speed up.
You hear a shout!
The orc priest shouts, "Join the one true god or die!"
The orc priest closely misses you.
An orc comes into view. It is wielding a +0 dagger.
The orc hits you with a +0 short sword.
The orc wizard gestures wildly while chanting.
The orc wizard flickers and vanishes!
Deactivating autopickup; reactivate with Ctrl-A.
The orc barely misses you.
Unknown command.
Unknown command.
You hit the orc priest.
The orc priest is moderately wounded.
You barely miss the orc. You closely miss the orc. You hit the orc.
You miss something.
You hit the orc priest but do no damage.
The orc priest is moderately wounded.
You hit the orc. You closely miss the orc. You miss something. You hit the orc.
The orc hits you with a +0 dagger. The orc priest barely misses you.
You hear some strange, mumbled words.
Something tries to affect you, but you resist.
The orc hits you but does no damage. The orc hits you with a +0 short sword.
Unknown command.
Unknown command.
You closely miss the orc priest.
The orc priest is moderately wounded.
You barely miss the orc. You hit the orc but do no damage.
The orc priest threatens, "By the altar or by the axe, you will meet Beogh!"
You hit the orc. You miss something. The orc hits you with a +0 dagger.
The orc priest mumbles some strange prayers to Beogh against you.
Beogh smites you!
Ouch! That really hurt!
You die...

#.........
#..(.....#
#........#
#.........
#(...K...#
#.........
#ooo..K...
#@{.W....
#o.......
.........
..........
#.#........
#..........
##.........
#........


You could see a phantom, an orc priest, 3 orcs and 2 kobolds.

Vanquished Creatures
  A quokka (D:5)
1 creature vanquished.

Notes
Turn   | Place    | Note
-------+----------+-------------------------------------------
     0 | D:5      | Rrauwl the Hill Orc Delver began the quest for the Orb.
     0 | D:5      | Reached XP level 1. HP: 19/19 MP: 1/1
    25 | D:5      | Noticed a water moccasin zombie
    61 | D:4      | Noticed an orc wizard
    61 | D:4      | Noticed an orc priest
    61 | D:4      | Noticed a phantom
    65 | D:4      | Killed from afar by an orc priest

Illustrated notes

Levels and vault maps discovered:
D:4:      layout_rooms
D:5:      layout_loops_ring, serial_undead, serial_undead_a, serial_undead_c,
          serial_undead_f, serial_undead_f, serial_undead_a, uniq_blork_the_orc

Action                     || total
---------------------------++-------
  Melee: Hand axe          ||     4
    Use: Potion            ||     1
   Stab: Sleeping          ||     1
 Armour: Leather armour    ||     1
  Dodge: Dodged            ||     3
